[ AOE2 MATCH · #458733243 ]
UnrankedPersians vs Slavs
[ REPLAY ANALYSIS · EXTRACTED FROM THE RECORDED GAME ]
Feudal
10:11
Castle
13:47
Imperial
17:40
| APM avg | 17.6 |
| APM peak | 60 |
| eAPM avg | 17.2 |
| Villagers / military | 132 / 42 |
Focus
⚔️ 29.3% · 🌾 70.7%
Trade Cart ×57 · War Elephant ×36 · Monk ×6
Feudal
2:50
Castle
4:40
Imperial
8:58
| APM avg | 6.2 |
| APM peak | 18 |
| eAPM avg | 6.2 |
| Villagers / military | 65 / 2 |
Focus
⚔️ 34.5% · 🌾 65.5%
Trade Cart ×14 · Monk ×2
Feudal
0:55
Castle
2:04
Imperial
4:35
| APM avg | 26.5 |
| APM peak | 45 |
| eAPM avg | 20.1 |
| Villagers / military | 129 / 154 |
Focus
⚔️ 29.5% · 🌾 70.5%
Battle Elephant ×119 · Trade Cart ×52 · Scorpion ×25 · Fishing Ship ×6 · Ballista Elephant ×6 · Trebuchet (Packed) ×4
Feudal
1:44
Castle
3:50
Imperial
5:44
| APM avg | 4.7 |
| APM peak | 27 |
| eAPM avg | 3.9 |
| Villagers / military | 11 / 0 |
Focus
⚔️ 16.7% · 🌾 83.3%
Feudal
3:11
Castle
6:02
Imperial
12:47
| APM avg | 12.1 |
| APM peak | 39 |
| eAPM avg | 11.6 |
| Villagers / military | 60 / 165 |
Focus
⚔️ 40.5% · 🌾 59.5%
Spearman ×105 · Trade Cart ×41 · Archer ×30 · Samurai ×30 · Fishing Ship ×5
Feudal
1:15
Castle
2:23
Imperial
4:09
| APM avg | 14.1 |
| APM peak | 45 |
| eAPM avg | 12.8 |
| Villagers / military | 155 / 284 |
Focus
⚔️ 53.8% · 🌾 46.2%
Scorpion ×112 · Hand Cannoneer ×62 · Knight ×55 · Battle Elephant ×51 · Trade Cart ×14 · Trebuchet (Packed) ×4
Feudal
1:46
Castle
4:23
Imperial
12:15
| APM avg | 27.9 |
| APM peak | 51 |
| eAPM avg | 24.0 |
| Villagers / military | 158 / 170 |
Focus
⚔️ 27.3% · 🌾 72.7%
Mameluke ×158 · Trade Cart ×28 · Bombard Cannon ×11 · Monk ×1
Feudal
3:01
Castle
5:01
Imperial
13:41
| APM avg | 35.8 |
| APM peak | 77 |
| eAPM avg | 31.1 |
| Villagers / military | 70 / 298 |
Focus
⚔️ 62.0% · 🌾 38.0%
Spearman ×173 · Scout Cavalry ×46 · Scorpion ×29 · Battering Ram ×17 · Knight ×16 · Bombard Cannon ×14
Match map
Initial resources + every placement click. Lines = walls · curves = elevation contours. ◆ gold · ⬟ stone · ● berries · ✦ relic · ◌ wall gap
Your base· ✓ Closed at 13:47 · 0t walls · no gate
mit-hat's base· Open — unwalled flank
shashank1698's base· Open — unwalled flank
GakKin's base· Open — unwalled flank
Ascites's base· Open — unwalled flank
yedirenkboya's base· Open — unwalled flank
Колдун's base· Open — unwalled flank
562057570's base· Open — unwalled flank
Smoothed initial terrain · ◌ = detected wall gap · hover for details
Inputs per minute
— MACEDONAS - - mit-hat
Build order — MACEDONAS
First 150 of 384 actions detected
| 7:50 | Build | House |
| 7:51 | Build | House |
| 7:53 | Build | House |
| 7:55 | Build | House |
| 7:58 | Research | Loom |
| 7:59 | Create | Villager (Male) |
| 7:59 | Create | Villager (Male) |
| 8:06 | Build | Mill |
| 8:25 | Build | Barracks |
| 8:29 | Create | Villager (Male) |
| 8:30 | Create | Villager (Male) |
| 8:30 | Create | Villager (Male) |
| 8:30 | Create | Villager (Male) |
| 9:17 | Research | Feudal Age |
| 9:22 | Research | Feudal Age |
| 9:22 | Create | Villager (Male) |
| 9:22 | Create | Villager (Male) |
| 9:23 | Create | Villager (Male) |
| 9:23 | Create | Villager (Male) |
| 9:45 | Build | Mining Camp |
| 9:48 | Build | Mining Camp |
| 9:54 | Build | House |
| 9:56 | Build | House |
| 9:57 | Build | House |
| 9:59 | Build | House |
| 10:01 | Build | House |
| 10:02 | Build | House |
| 10:04 | Build | House |
| 10:05 | Build | House |
| 10:07 | Build | House |
| 10:11 | Age | Feudal Age |
| 10:13 | Build | Farm |
| 10:15 | Research | Horse Collar |
| 10:19 | Research | Gold Mining |
| 10:19 | Research | Stone Mining |
| 10:20 | Create | Villager (Male) |
| 10:21 | Create | Villager (Male) |
| 10:36 | Build | Lumber Camp |
| 10:48 | Build | Blacksmith |
| 10:50 | Build | Blacksmith |
| 10:52 | Create | Villager (Male) |
| 10:53 | Create | Villager (Male) |
| 10:53 | Create | Villager (Male) |
| 10:53 | Create | Villager (Male) |
| 10:53 | Create | Villager (Male) |
| 11:06 | Build | Mining Camp |
| 11:27 | Build | House |
| 11:49 | Build | Market |
| 11:59 | Build | Market |
| 12:05 | Build | Market |
| 12:13 | Build | Farm |
| 12:17 | Build | Farm |
| 12:20 | Build | Mining Camp |
| 12:32 | Build | Mining Camp |
| 12:33 | Create | Villager (Male) |
| 12:34 | Create | Villager (Male) |
| 12:34 | Create | Villager (Male) |
| 12:34 | Create | Villager (Male) |
| 12:41 | Research | Castle Age |
| 12:42 | Research | Wheelbarrow |
| 12:42 | Research | Town Watch |
| 12:42 | Create | Villager (Male) |
| 12:43 | Create | Villager (Male) |
| 12:43 | Create | Villager (Male) |
| 12:43 | Create | Villager (Male) |
| 12:44 | Create | Villager (Male) |
| 12:44 | Create | Villager (Male) |
| 12:44 | Create | Villager (Male) |
| 12:44 | Create | Villager (Male) |
| 12:45 | Create | Villager (Male) |
| 12:45 | Create | Villager (Male) |
| 12:51 | Build | Mining Camp |
| 12:58 | Build | Mining Camp |
| 13:00 | Create | Villager (Male) |
| 13:01 | Create | Villager (Male) |
| 13:01 | Create | Villager (Male) |
| 13:10 | Research | Double-Bit Axe |
| 13:42 | Create | Trade Cart |
| 13:43 | Create | Trade Cart |
| 13:43 | Create | Trade Cart |
| 13:43 | Create | Trade Cart |
| 13:43 | Create | Trade Cart |
| 13:44 | Create | Trade Cart |
| 13:44 | Create | Trade Cart |
| 13:44 | Create | Trade Cart |
| 13:44 | Create | Trade Cart |
| 13:44 | Create | Trade Cart |
| 13:45 | Create | Trade Cart |
| 13:45 | Create | Trade Cart |
| 13:45 | Create | Trade Cart |
| 13:45 | Create | Trade Cart |
| 13:46 | Create | Trade Cart |
| 13:46 | Create | Trade Cart |
| 13:46 | Create | Trade Cart |
| 13:46 | Create | Trade Cart |
| 13:47 | Create | Trade Cart |
| 13:47 | Create | Trade Cart |
| 13:47 | Create | Trade Cart |
| 13:47 | Age | Castle Age |
| 13:47 | Create | Trade Cart |
| 13:48 | Create | Trade Cart |
| 13:48 | Create | Trade Cart |
| 13:48 | Create | Trade Cart |
| 13:48 | Create | Trade Cart |
| 13:48 | Create | Trade Cart |
| 13:49 | Research | Caravan |
| 13:49 | Research | Coinage |
| 13:50 | Create | Trade Cart |
| 13:50 | Create | Trade Cart |
| 13:51 | Create | Trade Cart |
| 13:51 | Create | Trade Cart |
| 13:52 | Create | Trade Cart |
| 13:52 | Create | Trade Cart |
| 13:52 | Create | Trade Cart |
| 13:58 | Build | House |
| 14:10 | Build | Mining Camp |
| 14:28 | Build | Town Center |
| 14:29 | Create | Villager (Male) |
| 14:29 | Create | Villager (Male) |
| 14:30 | Create | Villager (Male) |
| 14:30 | Create | Villager (Male) |
| 14:36 | Research | Man-at-Arms (upgrade) |
| 14:37 | Research | Pikeman (upgrade) |
| 14:37 | Research | Gambesons |
| 14:37 | Research | Squires |
| 14:38 | Research | Arson |
| 14:44 | Create | Villager (Male) |
| 14:51 | Build | Town Center |
| 15:15 | Build | Monastery |
| 15:16 | Build | Monastery |
| 15:22 | Build | University |
| 15:24 | Build | University |
| 15:33 | Research | Gold Shaft Mining |
| 15:33 | Research | Stone Shaft Mining |
| 15:37 | Research | Heavy Plow |
| 15:44 | Research | Bow Saw |
| 16:04 | Research | Hand Cart |
| 16:05 | Research | Town Patrol |
| 16:05 | Create | Villager (Male) |
| 16:05 | Create | Villager (Male) |
| 16:06 | Create | Villager (Male) |
| 16:06 | Create | Villager (Male) |
| 16:06 | Create | Villager (Male) |
| 16:07 | Create | Villager (Male) |
| 16:07 | Create | Villager (Male) |
| 16:07 | Create | Villager (Male) |
| 16:07 | Create | Villager (Male) |
| 16:08 | Create | Villager (Male) |
| 16:08 | Create | Villager (Male) |
| 16:08 | Create | Villager (Male) |
Build order — mit-hat
128 actions detected in the replay
| 0:08 | Build | House |
| 0:10 | Build | House |
| 0:40 | Build | Mill |
| 0:55 | Build | Lumber Camp |
| 1:08 | Create | Villager (Male) |
| 1:09 | Create | Villager (Male) |
| 1:09 | Create | Villager (Male) |
| 1:10 | Create | Villager (Male) |
| 1:10 | Create | Villager (Male) |
| 1:39 | Research | Feudal Age |
| 1:53 | Build | Mining Camp |
| 2:29 | Build | Barracks |
| 2:50 | Age | Feudal Age |
| 3:00 | Build | Blacksmith |
| 3:06 | Build | Market |
| 3:36 | Research | Castle Age |
| 3:45 | Build | Stable |
| 3:52 | Research | Man-at-Arms (upgrade) |
| 4:40 | Age | Castle Age |
| 4:49 | Build | Monastery |
| 4:53 | Build | Monastery |
| 5:00 | Research | Wheelbarrow |
| 5:05 | Create | Villager (Male) |
| 5:06 | Create | Villager (Male) |
| 5:06 | Create | Villager (Male) |
| 5:06 | Create | Villager (Male) |
| 5:18 | Create | Monk |
| 5:24 | Create | Monk |
| 5:35 | Build | University |
| 7:01 | Build | Town Center |
| 7:20 | Research | Hand Cart |
| 7:22 | Research | Imperial Age |
| 7:29 | Research | Forging |
| 7:32 | Research | Scale Barding Armor |
| 7:33 | Research | Fletching |
| 7:38 | Research | Ballistics |
| 7:40 | Research | Masonry |
| 7:55 | Research | Murder Holes |
| 8:12 | Build | Castle |
| 8:30 | Create | Villager (Male) ×5 |
| 8:30 | Create | Villager (Male) ×5 |
| 8:31 | Create | Villager (Male) ×5 |
| 8:31 | Create | Villager (Male) ×5 |
| 8:49 | Build | Town Center |
| 8:58 | Age | Imperial Age |
| 9:07 | Research | Siege Engineers |
| 9:08 | Research | Chemistry |
| 9:20 | Create | Villager (Male) ×5 |
| 9:20 | Create | Villager (Male) ×5 |
| 9:20 | Create | Villager (Male) ×5 |
| 9:26 | Research | Horse Collar |
| 9:33 | Research | Double-Bit Axe |
| 9:56 | Create | Villager (Male) ×5 |
| 9:56 | Create | Villager (Male) ×5 |
| 9:57 | Create | Villager (Male) ×5 |
| 10:11 | Build | Farm |
| 10:13 | Research | Stone Mining |
| 10:14 | Research | Gold Mining |
| 10:18 | Research | Heavy Plow |
| 10:26 | Build | Farm |
| 10:29 | Research | Pikeman (upgrade) |
| 10:32 | Research | Husbandry |
| 10:33 | Research | Bloodlines |
| 10:34 | Research | Light Cavalry (upgrade) |
| 10:38 | Research | Long Swordsman (upgrade) |
| 10:39 | Research | Squires |
| 11:44 | Build | Farm |
| 11:46 | Build | Farm |
| 11:48 | Build | Farm |
| 11:52 | Research | Crop Rotation |
| 11:56 | Research | Gold Shaft Mining |
| 12:16 | Research | Tech 455 |
| 12:19 | Research | Conscription |
| 12:20 | Research | Druzhina |
| 12:21 | Research | Elite Boyar (upgrade) |
| 12:22 | Research | Hoardings |
| 12:39 | Build | Mill |
| 12:46 | Build | Farm |
| 12:47 | Build | Farm |
| 12:49 | Build | Farm |
| 12:52 | Build | Farm |
| 12:54 | Build | Farm |
| 12:56 | Build | Farm |
| 13:09 | Build | Farm |
| 13:15 | Build | Farm |
| 13:17 | Build | Farm |
| 13:18 | Build | Farm |
| 13:22 | Build | Farm |
| 13:32 | Research | Caravan |
| 13:33 | Research | Coinage |
| 14:13 | Research | Banking |
| 14:15 | Create | Trade Cart ×5 |
| 14:15 | Create | Trade Cart ×5 |
| 14:16 | Create | Trade Cart ×4 |
| 14:37 | Build | Castle |
| 14:51 | Research | Iron Casting |
| 14:52 | Research | Scale Mail Armor |
| 14:53 | Research | Chain Barding Armor |
| 14:55 | Research | Bodkin Arrow |
| 15:04 | Build | Farm |
| 15:06 | Build | Farm |
| 15:09 | Build | Farm |
| 15:12 | Build | Farm |
| 15:13 | Build | Farm |
| 15:26 | Build | Mill |
| 15:32 | Build | Farm |
| 15:36 | Build | Farm |
| 16:36 | Build | Siege Workshop |
| 16:40 | Build | Siege Workshop |
| 16:42 | Build | Siege Workshop |
| 17:07 | Create | Villager (Male) |
| 17:07 | Create | Villager (Male) |
| 17:08 | Create | Villager (Male) |
| 17:08 | Create | Villager (Male) |
| 17:08 | Create | Villager (Male) |
| 17:09 | Create | Villager (Male) |
| 17:28 | Research | Capped Ram (upgrade) |
| 17:44 | Build | Barracks |
| 17:46 | Build | Barracks |
| 17:47 | Build | Barracks |
| 17:49 | Build | Barracks |
| 17:52 | Build | Barracks |
| 17:53 | Build | Barracks |
| 17:54 | Build | Barracks |
| 17:56 | Build | Barracks |
| 17:58 | Build | Barracks |
| 18:02 | Build | Barracks |
| 18:22 | Build | Castle |
Build order — shashank1698
First 150 of 357 actions detected
| 0:03 | Research | Feudal Age |
| 0:06 | Build | House |
| 0:13 | Build | Dock |
| 0:22 | Build | House |
| 0:23 | Build | House |
| 0:24 | Build | House |
| 0:25 | Build | House |
| 0:45 | Build | Palisade Wall |
| 0:46 | Create | Villager (Male) |
| 0:46 | Create | Villager (Male) |
| 0:51 | Create | Fishing Ship |
| 0:52 | Create | Fishing Ship |
| 0:52 | Create | Fishing Ship |
| 0:55 | Age | Feudal Age |
| 0:59 | Research | Castle Age |
| 1:04 | Build | Lumber Camp |
| 1:12 | Build | Mining Camp |
| 1:27 | Build | Stone Wall |
| 1:28 | Create | Villager (Male) |
| 1:33 | Create | Fishing Ship |
| 1:39 | Create | Villager (Male) |
| 1:40 | Create | Villager (Male) |
| 1:43 | Research | Double-Bit Axe |
| 1:48 | Build | Mill |
| 2:04 | Age | Castle Age |
| 2:15 | Build | Mining Camp |
| 2:16 | Create | Villager (Male) |
| 2:17 | Create | Villager (Male) |
| 2:21 | Build | Town Center |
| 2:24 | Create | Villager (Male) |
| 2:24 | Create | Villager (Male) |
| 2:29 | Create | Fishing Ship |
| 2:31 | Create | Fishing Ship |
| 2:39 | Build | Town Center |
| 2:45 | Create | Villager (Male) |
| 2:48 | Research | Horse Collar |
| 2:49 | Research | Bow Saw |
| 2:54 | Research | Imperial Age |
| 3:06 | Build | Town Center |
| 3:11 | Build | Town Center |
| 3:17 | Create | Villager (Male) |
| 3:22 | Create | Villager (Male) ×5 |
| 3:29 | Build | Farm |
| 3:29 | Build | Farm |
| 3:38 | Create | Villager (Male) |
| 3:41 | Create | Villager (Male) |
| 3:45 | Create | Villager (Male) ×5 |
| 3:48 | Build | House |
| 3:48 | Build | House |
| 3:49 | Build | House |
| 3:49 | Build | House |
| 3:50 | Build | House |
| 3:53 | Create | Villager (Male) |
| 4:04 | Research | Tech 906 |
| 4:17 | Build | Fish Trap |
| 4:19 | Create | Villager (Male) ×5 |
| 4:25 | Create | Villager (Male) |
| 4:33 | Research | Gold Mining |
| 4:34 | Research | Stone Mining |
| 4:35 | Age | Imperial Age |
| 4:37 | Research | Heavy Plow |
| 4:39 | Create | Villager (Male) |
| 4:40 | Research | Loom |
| 4:41 | Research | Wheelbarrow |
| 4:43 | Create | Villager (Male) |
| 4:46 | Create | Villager (Male) |
| 4:51 | Create | Villager (Male) |
| 5:02 | Build | Market |
| 5:04 | Build | Market |
| 5:05 | Build | Market |
| 5:17 | Create | Villager (Male) |
| 5:18 | Create | Villager (Male) |
| 5:20 | Build | Farm |
| 5:20 | Build | Farm |
| 5:20 | Build | Farm |
| 5:24 | Create | Villager (Male) |
| 5:26 | Create | Villager (Male) |
| 5:28 | Create | Villager (Male) |
| 5:31 | Create | Villager (Male) |
| 5:32 | Build | Farm |
| 5:33 | Build | Farm |
| 5:34 | Create | Villager (Male) |
| 5:37 | Create | Villager (Male) |
| 5:41 | Create | Villager (Male) |
| 5:45 | Create | Villager (Male) |
| 5:47 | Create | Villager (Male) |
| 5:50 | Build | Farm |
| 5:51 | Create | Villager (Male) |
| 6:02 | Build | Market |
| 6:03 | Build | Market |
| 6:24 | Create | Villager (Male) |
| 6:26 | Create | Villager (Male) |
| 6:27 | Create | Villager (Male) |
| 6:31 | Create | Villager (Male) |
| 6:34 | Build | Farm |
| 6:34 | Build | Farm |
| 6:35 | Build | Farm |
| 6:35 | Build | Farm |
| 6:36 | Build | Farm |
| 6:41 | Create | Villager (Male) |
| 6:44 | Research | Caravan |
| 6:45 | Create | Trade Cart ×5 |
| 6:46 | Create | Trade Cart ×5 |
| 6:59 | Create | Villager (Male) |
| 7:01 | Create | Villager (Male) |
| 7:02 | Build | Farm |
| 7:02 | Build | Farm |
| 7:03 | Build | Farm |
| 7:03 | Build | Farm |
| 7:05 | Create | Villager (Male) |
| 7:11 | Create | Villager (Male) |
| 7:15 | Build | Mining Camp |
| 7:17 | Research | Gold Shaft Mining |
| 7:18 | Research | Stone Shaft Mining |
| 7:21 | Research | Crop Rotation |
| 7:22 | Create | Villager (Male) |
| 7:23 | Create | Villager (Male) |
| 7:25 | Create | Villager (Male) |
| 7:32 | Build | Farm |
| 7:33 | Build | Farm |
| 7:33 | Build | Farm |
| 7:33 | Build | Farm |
| 7:34 | Build | Farm |
| 7:34 | Build | Farm |
| 7:34 | Build | Farm |
| 7:35 | Build | Farm |
| 7:35 | Build | Farm |
| 7:35 | Build | Farm |
| 7:36 | Build | Farm |
| 7:36 | Build | Farm |
| 7:36 | Build | Farm |
| 7:39 | Create | Villager (Male) |
| 7:41 | Create | Trade Cart ×5 |
| 7:42 | Create | Trade Cart |
| 7:43 | Create | Villager (Male) |
| 7:45 | Create | Villager (Male) |
| 7:50 | Create | Villager (Male) |
| 7:53 | Build | House |
| 7:53 | Build | House |
| 7:53 | Build | House |
| 7:54 | Build | House |
| 7:54 | Build | House |
| 7:55 | Build | House |
| 7:57 | Create | Villager (Male) |
| 8:00 | Build | Farm |
| 8:00 | Build | Farm |
| 8:00 | Build | Farm |
| 8:01 | Build | Farm |
| 8:01 | Build | Farm |
| 8:01 | Build | Farm |
Build order — GakKin
49 actions detected in the replay
| 0:10 | Research | Loom |
| 0:12 | Create | Villager (Male) ×5 |
| 0:18 | Build | Mining Camp |
| 0:20 | Build | Lumber Camp |
| 0:50 | Research | Feudal Age |
| 1:44 | Build | House |
| 1:44 | Age | Feudal Age |
| 1:45 | Build | House |
| 1:48 | Build | Blacksmith |
| 2:11 | Build | Mill |
| 2:23 | Build | Market |
| 2:29 | Create | Villager (Male) |
| 2:46 | Research | Castle Age |
| 2:48 | Build | House |
| 2:51 | Build | House |
| 3:13 | Build | House |
| 3:15 | Build | House |
| 3:47 | Create | Villager (Male) ×5 |
| 3:50 | Age | Castle Age |
| 3:53 | Build | Monastery |
| 3:54 | Build | University |
| 4:26 | Research | Imperial Age |
| 4:36 | Build | Mining Camp |
| 5:40 | Build | House |
| 5:40 | Build | House |
| 5:41 | Build | House |
| 5:41 | Build | House |
| 5:41 | Build | House |
| 5:42 | Build | House |
| 5:42 | Build | House |
| 5:43 | Build | House |
| 5:43 | Build | House |
| 5:44 | Age | Imperial Age |
| 5:46 | Build | House |
| 5:46 | Build | House |
| 5:47 | Build | House |
| 5:47 | Build | House |
| 5:51 | Build | House |
| 5:52 | Build | House |
| 5:53 | Build | House |
| 7:12 | Build | House |
| 7:13 | Build | House |
| 7:17 | Build | House |
| 7:19 | Build | House |
| 7:20 | Build | House |
| 7:29 | Build | House |
| 7:35 | Build | House |
| 7:37 | Build | House |
| 8:57 | Build | Wonder |
Build order — Ascites
First 150 of 217 actions detected
| 0:04 | Build | House |
| 0:05 | Build | House |
| 0:05 | Build | House |
| 0:13 | Build | Dock |
| 0:14 | Create | Villager (Male) ×5 |
| 0:30 | Build | Barracks |
| 0:36 | Create | Villager (Male) ×5 |
| 0:48 | Build | House |
| 0:48 | Build | House |
| 0:49 | Build | House |
| 0:49 | Build | House |
| 0:51 | Build | House |
| 0:52 | Build | House |
| 0:52 | Build | House |
| 1:00 | Research | Feudal Age |
| 1:35 | Build | Mining Camp |
| 1:41 | Create | Fishing Ship ×5 |
| 2:06 | Build | Lumber Camp |
| 2:23 | Build | House |
| 2:23 | Build | House |
| 2:24 | Build | House |
| 2:24 | Build | House |
| 2:24 | Build | House |
| 2:24 | Build | House |
| 2:27 | Build | House |
| 2:28 | Build | House |
| 2:28 | Build | House |
| 2:29 | Build | House |
| 2:30 | Build | House |
| 2:31 | Build | House |
| 2:31 | Build | House |
| 2:31 | Build | House |
| 2:32 | Build | House |
| 2:32 | Build | House |
| 2:32 | Build | House |
| 2:33 | Build | House |
| 2:33 | Build | House |
| 2:33 | Build | House |
| 2:34 | Build | House |
| 2:34 | Build | House |
| 2:35 | Build | House |
| 2:35 | Build | House |
| 2:36 | Build | House |
| 2:36 | Build | House |
| 2:37 | Build | House |
| 2:37 | Build | House |
| 2:38 | Build | House |
| 2:39 | Build | House |
| 2:39 | Build | House |
| 2:41 | Build | House |
| 2:41 | Build | House |
| 2:42 | Build | House |
| 2:42 | Build | House |
| 2:43 | Build | House |
| 3:11 | Age | Feudal Age |
| 3:15 | Build | Mill |
| 3:40 | Build | Archery Range |
| 3:42 | Build | Stable |
| 3:56 | Build | Market |
| 4:05 | Build | Blacksmith |
| 4:08 | Create | Villager (Male) ×5 |
| 4:39 | Research | Castle Age |
| 4:59 | Create | Archer ×5 |
| 5:00 | Create | Archer ×5 |
| 5:00 | Create | Archer ×5 |
| 5:07 | Research | Bloodlines |
| 5:15 | Research | Man-at-Arms (upgrade) |
| 5:30 | Research | Forging |
| 5:30 | Research | Scale Mail Armor |
| 5:30 | Research | Scale Barding Armor |
| 5:31 | Research | Fletching |
| 5:31 | Research | Padded Archer Armor |
| 5:39 | Build | Watch Tower |
| 5:56 | Build | Watch Tower |
| 6:02 | Age | Castle Age |
| 6:08 | Research | Wheelbarrow |
| 6:18 | Build | Town Center |
| 6:44 | Build | Lumber Camp |
| 6:50 | Research | Hand Cart |
| 6:52 | Research | Gold Mining |
| 6:52 | Research | Stone Mining |
| 6:56 | Research | Tech 906 |
| 6:58 | Research | Horse Collar |
| 7:07 | Research | Double-Bit Axe |
| 7:09 | Create | Villager (Male) ×5 |
| 7:09 | Create | Villager (Male) ×5 |
| 7:09 | Create | Villager (Male) ×5 |
| 7:16 | Build | Fish Trap |
| 7:17 | Build | Fish Trap |
| 7:18 | Build | Fish Trap |
| 7:19 | Build | Fish Trap |
| 7:20 | Build | Fish Trap |
| 7:24 | Research | Gillnets |
| 7:44 | Build | Castle |
| 8:11 | Research | Town Watch |
| 8:13 | Research | Loom |
| 8:17 | Research | Heavy Plow |
| 8:19 | Research | Bow Saw |
| 8:24 | Research | Gold Shaft Mining |
| 8:56 | Research | Iron Casting |
| 8:56 | Research | Chain Mail Armor |
| 8:56 | Research | Chain Barding Armor |
| 8:56 | Research | Bodkin Arrow |
| 8:56 | Research | Leather Archer Armor |
| 9:07 | Create | Trade Cart ×5 |
| 9:08 | Create | Trade Cart ×5 |
| 9:08 | Create | Trade Cart ×5 |
| 9:11 | Research | Caravan |
| 9:38 | Build | Stone Wall |
| 9:43 | Research | Town Patrol |
| 9:47 | Create | Villager (Male) ×5 |
| 9:47 | Create | Villager (Male) ×5 |
| 9:47 | Create | Villager (Male) ×5 |
| 10:04 | Research | Thumb Ring |
| 10:05 | Research | Crossbowman (upgrade) |
| 10:08 | Research | Husbandry |
| 10:12 | Research | Squires |
| 10:13 | Research | Gambesons |
| 10:15 | Research | Arson |
| 10:59 | Create | Archer ×5 |
| 10:59 | Create | Archer ×5 |
| 11:00 | Create | Archer ×5 |
| 11:17 | Build | Watch Tower |
| 11:27 | Research | Imperial Age |
| 12:11 | Build | House |
| 12:11 | Build | House |
| 12:12 | Build | House |
| 12:12 | Build | House |
| 12:13 | Build | House |
| 12:25 | Build | Siege Workshop |
| 12:40 | Create | Trade Cart ×4 |
| 12:43 | Research | Caravan |
| 12:47 | Age | Imperial Age |
| 12:50 | Research | Caravan |
| 12:51 | Create | Trade Cart ×5 |
| 12:51 | Create | Trade Cart ×5 |
| 12:51 | Create | Trade Cart ×3 |
| 12:58 | Research | Blast Furnace |
| 12:59 | Research | Plate Mail Armor |
| 12:59 | Research | Bracer |
| 12:59 | Research | Ring Archer Armor |
| 13:04 | Research | Two-Man Saw |
| 13:07 | Research | Arbalester (upgrade) |
| 13:23 | Research | Conscription |
| 13:24 | Research | Elite Samurai (upgrade) |
| 13:28 | Research | Yasama |
| 13:29 | Research | Kataparuto |
| 13:30 | Research | Hoardings |
| 13:49 | Build | Mining Camp |
| 14:03 | Build | Mining Camp |
Build order — yedirenkboya
First 150 of 230 actions detected
| 0:10 | Build | House |
| 0:11 | Build | House |
| 0:12 | Build | House |
| 0:13 | Build | House |
| 0:16 | Create | Villager (Male) ×5 |
| 0:16 | Create | Villager (Male) ×5 |
| 0:23 | Research | Feudal Age |
| 0:55 | Build | House |
| 0:58 | Build | House |
| 0:59 | Build | House |
| 1:01 | Build | House |
| 1:14 | Build | Mining Camp |
| 1:15 | Age | Feudal Age |
| 1:19 | Research | Castle Age |
| 1:22 | Research | Wheelbarrow |
| 2:03 | Build | Market |
| 2:12 | Build | Blacksmith |
| 2:23 | Age | Castle Age |
| 2:24 | Build | Mining Camp |
| 2:29 | Research | Imperial Age |
| 2:43 | Build | Town Center |
| 3:28 | Research | Hand Cart |
| 3:37 | Create | Villager (Male) ×5 |
| 3:37 | Create | Villager (Male) ×5 |
| 3:37 | Create | Villager (Male) ×5 |
| 3:37 | Create | Villager (Male) ×5 |
| 3:37 | Create | Villager (Male) ×5 |
| 3:37 | Create | Villager (Male) ×5 |
| 3:37 | Create | Villager (Male) ×5 |
| 3:37 | Create | Villager (Male) ×5 |
| 3:37 | Create | Villager (Male) ×5 |
| 3:37 | Create | Villager (Male) ×5 |
| 3:37 | Create | Villager (Male) ×5 |
| 3:37 | Create | Villager (Male) ×5 |
| 3:37 | Create | Villager (Male) ×5 |
| 3:37 | Create | Villager (Male) |
| 3:37 | Create | Villager (Male) |
| 4:09 | Create | Villager (Male) |
| 4:09 | Age | Imperial Age |
| 4:10 | Create | Villager (Male) |
| 4:32 | Create | Villager (Male) |
| 4:34 | Create | Villager (Male) |
| 4:34 | Create | Villager (Male) |
| 4:34 | Create | Villager (Male) |
| 4:34 | Create | Villager (Male) |
| 4:34 | Create | Villager (Male) |
| 4:34 | Create | Villager (Male) |
| 4:34 | Create | Villager (Male) |
| 4:34 | Create | Villager (Male) |
| 4:35 | Create | Villager (Male) |
| 4:35 | Create | Villager (Male) |
| 4:35 | Create | Villager (Male) |
| 4:35 | Create | Villager (Male) |
| 4:36 | Create | Villager (Male) |
| 4:36 | Create | Villager (Male) |
| 4:37 | Create | Villager (Male) |
| 4:47 | Research | Fletching |
| 4:48 | Research | Padded Archer Armor |
| 5:22 | Research | Caravan |
| 5:24 | Create | Trade Cart |
| 5:25 | Create | Trade Cart |
| 5:25 | Create | Trade Cart |
| 5:25 | Create | Trade Cart |
| 5:26 | Create | Trade Cart |
| 5:26 | Create | Trade Cart |
| 5:26 | Create | Trade Cart |
| 5:27 | Create | Trade Cart |
| 5:27 | Create | Trade Cart |
| 5:27 | Create | Trade Cart |
| 5:28 | Create | Trade Cart |
| 5:28 | Create | Trade Cart |
| 5:28 | Create | Trade Cart |
| 5:28 | Create | Trade Cart |
| 6:15 | Research | Bodkin Arrow |
| 6:18 | Research | Leather Archer Armor |
| 7:00 | Research | Bracer |
| 7:01 | Research | Ring Archer Armor |
| 7:23 | Build | Castle |
| 7:25 | Build | Castle |
| 7:34 | Build | Castle |
| 7:36 | Build | Castle |
| 7:59 | Build | Town Center |
| 8:21 | Build | Town Center |
| 8:47 | Create | Villager (Male) ×5 |
| 8:47 | Create | Villager (Male) ×5 |
| 8:48 | Create | Villager (Male) ×5 |
| 8:48 | Create | Villager (Male) ×5 |
| 8:59 | Build | Town Center |
| 9:21 | Build | Siege Workshop |
| 9:26 | Build | Siege Workshop |
| 9:53 | Build | Castle |
| 10:10 | Build | Farm |
| 10:11 | Build | Farm |
| 10:39 | Create | Villager (Male) ×5 |
| 10:39 | Create | Villager (Male) ×5 |
| 10:39 | Create | Villager (Male) ×5 |
| 10:40 | Create | Villager (Male) ×5 |
| 11:09 | Build | Stone Wall |
| 11:56 | Create | Villager (Male) |
| 11:56 | Create | Villager (Male) ×5 |
| 11:56 | Create | Villager (Male) ×5 |
| 11:57 | Create | Villager (Male) ×5 |
| 11:57 | Create | Villager (Male) ×4 |
| 12:33 | Build | Siege Workshop |
| 12:35 | Build | Siege Workshop |
| 12:37 | Build | Siege Workshop |
| 12:56 | Build | University |
| 13:03 | Research | Scale Barding Armor |
| 13:04 | Research | Scale Mail Armor |
| 13:09 | Research | Stone Mining |
| 13:09 | Research | Gold Mining |
| 13:28 | Build | Siege Workshop |
| 14:00 | Build | Siege Workshop |
| 14:02 | Build | Siege Workshop |
| 14:07 | Build | Stable |
| 14:10 | Build | Stable |
| 14:13 | Build | Stable |
| 14:18 | Build | Stable |
| 14:21 | Build | Stable |
| 14:22 | Build | Stable |
| 14:35 | Build | Lumber Camp |
| 14:42 | Research | Chemistry |
| 14:44 | Research | Fortified Wall (upgrade) |
| 15:00 | Build | Mining Camp |
| 15:13 | Build | Archery Range |
| 15:15 | Build | Archery Range |
| 15:16 | Build | Archery Range |
| 15:19 | Build | Archery Range |
| 15:31 | Build | Lumber Camp |
| 16:00 | Research | Heavy Scorpion (upgrade) |
| 16:03 | Create | Scorpion |
| 16:04 | Create | Scorpion |
| 16:04 | Create | Scorpion |
| 16:04 | Create | Scorpion |
| 16:05 | Create | Scorpion |
| 16:05 | Create | Scorpion |
| 16:05 | Create | Scorpion |
| 16:05 | Create | Scorpion |
| 16:06 | Create | Scorpion |
| 16:06 | Create | Scorpion |
| 16:06 | Create | Scorpion |
| 16:07 | Create | Scorpion |
| 16:07 | Create | Scorpion ×5 |
| 16:07 | Create | Scorpion ×5 |
| 16:07 | Create | Scorpion ×5 |
| 16:08 | Create | Scorpion ×5 |
| 16:08 | Create | Scorpion ×5 |
| 16:16 | Create | Trebuchet (Packed) |
| 16:16 | Create | Trebuchet (Packed) |
| 16:16 | Create | Trebuchet (Packed) |
Build order — Колдун
First 150 of 460 actions detected
| 0:08 | Build | Lumber Camp |
| 0:21 | Build | Mill |
| 0:23 | Create | Villager (Male) |
| 0:33 | Build | House |
| 0:35 | Build | House |
| 0:40 | Build | House |
| 0:41 | Build | House |
| 0:42 | Build | House |
| 0:54 | Research | Feudal Age |
| 0:58 | Build | Mining Camp |
| 1:03 | Build | Lumber Camp |
| 1:05 | Build | Lumber Camp |
| 1:09 | Build | Lumber Camp |
| 1:14 | Build | Lumber Camp |
| 1:28 | Build | Mining Camp |
| 1:46 | Age | Feudal Age |
| 1:47 | Research | Wheelbarrow |
| 1:48 | Research | Horse Collar |
| 1:50 | Research | Double-Bit Axe |
| 1:52 | Research | Gold Mining |
| 1:52 | Research | Stone Mining |
| 2:10 | Build | Market |
| 2:19 | Build | Blacksmith |
| 2:20 | Build | Blacksmith |
| 2:29 | Create | Villager (Male) |
| 2:29 | Research | Town Watch |
| 2:44 | Research | Forging |
| 2:44 | Research | Scale Mail Armor |
| 2:44 | Research | Scale Barding Armor |
| 2:58 | Build | Mining Camp |
| 3:02 | Build | Mining Camp |
| 3:09 | Research | Fletching |
| 3:15 | Build | Market |
| 3:19 | Research | Castle Age |
| 3:33 | Research | Loom |
| 3:38 | Research | Padded Archer Armor |
| 4:01 | Build | Stone Wall |
| 4:10 | Build | Mining Camp |
| 4:23 | Age | Castle Age |
| 4:24 | Research | Hand Cart |
| 4:26 | Research | Bow Saw |
| 4:27 | Research | Iron Casting |
| 4:27 | Research | Chain Mail Armor |
| 4:28 | Research | Chain Barding Armor |
| 4:28 | Research | Bodkin Arrow |
| 4:28 | Research | Leather Archer Armor |
| 4:33 | Research | Gold Shaft Mining |
| 4:37 | Research | Heavy Plow |
| 4:46 | Create | Villager (Male) |
| 4:46 | Create | Villager (Male) |
| 4:46 | Create | Villager (Male) |
| 4:55 | Build | Town Center |
| 4:56 | Build | Town Center |
| 4:58 | Build | Town Center |
| 5:00 | Create | Villager (Male) |
| 5:01 | Create | Villager (Male) |
| 5:08 | Research | Caravan |
| 5:09 | Research | Coinage |
| 5:20 | Build | Castle |
| 5:25 | Research | Town Patrol |
| 5:32 | Build | Monastery |
| 5:39 | Create | Villager (Male) |
| 5:40 | Create | Villager (Male) |
| 5:40 | Create | Villager (Male) |
| 5:54 | Create | Villager (Male) |
| 5:54 | Create | Villager (Male) |
| 6:01 | Create | Monk |
| 6:05 | Create | Villager (Male) |
| 6:05 | Create | Villager (Male) |
| 6:07 | Create | Villager (Male) |
| 6:08 | Create | Villager (Male) |
| 6:08 | Create | Villager (Male) |
| 6:18 | Create | Villager (Male) |
| 6:18 | Create | Villager (Male) |
| 6:18 | Create | Villager (Male) |
| 6:19 | Create | Villager (Male) |
| 6:27 | Build | Town Center |
| 6:28 | Build | Town Center |
| 6:33 | Create | Villager (Male) |
| 6:34 | Create | Villager (Male) |
| 6:34 | Create | Villager (Male) |
| 6:35 | Create | Villager (Male) |
| 6:40 | Create | Trade Cart |
| 6:40 | Create | Trade Cart |
| 6:40 | Create | Trade Cart |
| 6:41 | Create | Trade Cart |
| 6:42 | Create | Trade Cart |
| 6:43 | Create | Trade Cart |
| 6:43 | Create | Trade Cart |
| 6:58 | Create | Villager (Male) |
| 6:58 | Create | Villager (Male) |
| 6:59 | Create | Villager (Male) |
| 6:59 | Create | Villager (Male) |
| 7:08 | Research | Loom |
| 7:09 | Create | Villager (Male) |
| 7:10 | Create | Villager (Male) |
| 7:22 | Build | House |
| 7:22 | Build | House |
| 7:23 | Build | House |
| 7:24 | Build | House |
| 7:26 | Build | House |
| 7:27 | Build | House |
| 7:30 | Build | House |
| 7:32 | Build | House |
| 7:33 | Build | House |
| 7:34 | Build | House |
| 7:34 | Build | House |
| 7:35 | Build | House |
| 7:36 | Build | House |
| 7:37 | Build | House |
| 7:38 | Build | House |
| 7:39 | Create | Villager (Male) |
| 7:39 | Create | Villager (Male) |
| 7:40 | Create | Villager (Male) |
| 7:40 | Create | Villager (Male) |
| 7:40 | Create | Villager (Male) |
| 7:41 | Create | Villager (Male) |
| 7:41 | Create | Villager (Male) |
| 7:41 | Create | Villager (Male) |
| 7:48 | Create | Villager (Male) |
| 7:48 | Create | Villager (Male) |
| 7:48 | Create | Villager (Male) |
| 7:49 | Create | Villager (Male) |
| 7:49 | Create | Villager (Male) |
| 7:49 | Create | Villager (Male) |
| 7:50 | Create | Villager (Male) |
| 8:00 | Build | Castle |
| 8:10 | Create | Villager (Male) |
| 8:11 | Create | Villager (Male) |
| 8:11 | Create | Villager (Male) |
| 8:11 | Create | Villager (Male) |
| 8:12 | Create | Villager (Male) |
| 8:12 | Create | Villager (Male) |
| 8:45 | Build | Stone Wall |
| 8:49 | Create | Villager (Male) |
| 8:49 | Create | Villager (Male) |
| 8:50 | Create | Villager (Male) |
| 8:50 | Create | Villager (Male) |
| 8:56 | Create | Villager (Male) |
| 8:56 | Create | Villager (Male) |
| 8:57 | Create | Villager (Male) |
| 8:57 | Create | Villager (Male) |
| 8:57 | Create | Villager (Male) |
| 9:10 | Build | Castle |
| 9:19 | Build | University |
| 9:43 | Build | Castle |
| 9:45 | Create | Villager (Male) |
| 9:46 | Create | Villager (Male) |
| 9:46 | Create | Villager (Male) |
| 9:47 | Create | Villager (Male) |
Build order — 562057570
First 150 of 613 actions detected
| 0:08 | Build | House |
| 0:08 | Build | House |
| 0:09 | Build | House |
| 0:09 | Build | House |
| 0:12 | Create | Villager (Male) |
| 0:13 | Research | Loom |
| 0:13 | Create | Villager (Male) |
| 0:14 | Create | Villager (Male) |
| 0:14 | Create | Villager (Male) |
| 0:14 | Create | Villager (Male) |
| 0:14 | Create | Villager (Male) |
| 0:15 | Create | Villager (Male) |
| 0:15 | Create | Villager (Male) |
| 0:15 | Create | Villager (Male) |
| 0:15 | Create | Villager (Male) |
| 0:31 | Build | Barracks |
| 0:57 | Build | Lumber Camp |
| 1:33 | Build | Mill |
| 1:50 | Build | Barracks |
| 1:50 | Build | Barracks |
| 1:50 | Build | Barracks |
| 1:51 | Build | Barracks |
| 1:51 | Build | Barracks |
| 1:51 | Build | Barracks |
| 1:52 | Build | Barracks |
| 2:09 | Research | Feudal Age |
| 2:10 | Research | Feudal Age |
| 2:24 | Build | Barracks |
| 2:24 | Build | Barracks |
| 2:25 | Build | Barracks |
| 2:25 | Build | Barracks |
| 2:27 | Build | Barracks |
| 2:28 | Build | Barracks |
| 3:01 | Age | Feudal Age |
| 3:14 | Build | Market |
| 3:28 | Build | Blacksmith |
| 3:35 | Create | Spearman |
| 3:35 | Create | Spearman |
| 3:35 | Create | Spearman |
| 3:36 | Create | Spearman |
| 3:36 | Create | Spearman |
| 3:36 | Create | Spearman |
| 3:37 | Create | Spearman |
| 3:37 | Create | Spearman |
| 3:37 | Create | Spearman |
| 3:38 | Create | Spearman |
| 3:38 | Create | Spearman |
| 3:38 | Create | Spearman |
| 3:38 | Create | Spearman |
| 3:39 | Create | Spearman |
| 3:39 | Create | Spearman |
| 3:39 | Create | Spearman |
| 3:40 | Create | Spearman |
| 3:40 | Create | Spearman |
| 3:40 | Create | Spearman |
| 3:40 | Create | Spearman |
| 3:41 | Create | Spearman |
| 3:41 | Create | Spearman |
| 3:41 | Create | Spearman |
| 3:42 | Create | Spearman |
| 3:42 | Create | Spearman |
| 3:42 | Create | Spearman |
| 3:42 | Create | Spearman |
| 3:57 | Research | Castle Age |
| 3:57 | Research | Castle Age |
| 3:57 | Research | Castle Age |
| 4:05 | Build | House |
| 4:06 | Build | House |
| 4:06 | Build | House |
| 4:06 | Build | House |
| 4:06 | Build | House |
| 4:07 | Build | House |
| 4:09 | Build | House |
| 4:09 | Build | House |
| 4:09 | Build | House |
| 4:10 | Build | House |
| 4:10 | Build | House |
| 4:10 | Build | House |
| 4:20 | Build | House |
| 4:20 | Build | House |
| 4:21 | Build | House |
| 4:21 | Build | House |
| 4:21 | Build | House |
| 4:22 | Build | House |
| 4:24 | Build | House |
| 4:24 | Build | House |
| 4:24 | Build | House |
| 4:24 | Build | House |
| 4:25 | Build | House |
| 4:25 | Build | House |
| 4:25 | Build | House |
| 4:26 | Build | House |
| 4:43 | Build | Stable |
| 4:43 | Build | Stable |
| 4:44 | Build | Stable |
| 4:44 | Build | Stable |
| 4:44 | Build | Stable |
| 4:44 | Build | Stable |
| 4:45 | Build | Stable |
| 4:45 | Build | Stable |
| 4:46 | Build | Stable |
| 4:48 | Build | Stable |
| 4:48 | Build | Stable |
| 4:48 | Build | Stable |
| 4:49 | Build | Stable |
| 5:01 | Age | Castle Age |
| 5:18 | Build | University |
| 5:28 | Build | University |
| 5:33 | Research | Double-Bit Axe |
| 5:34 | Research | Double-Bit Axe |
| 5:34 | Research | Double-Bit Axe |
| 5:38 | Research | Pikeman (upgrade) |
| 5:38 | Research | Pikeman (upgrade) |
| 5:39 | Research | Squires |
| 5:39 | Research | Squires |
| 5:39 | Research | Squires |
| 6:24 | Create | Knight |
| 6:25 | Create | Knight |
| 6:25 | Create | Knight |
| 6:25 | Create | Knight |
| 6:26 | Create | Knight |
| 6:26 | Create | Knight |
| 6:26 | Create | Knight |
| 6:26 | Create | Knight |
| 6:27 | Create | Knight |
| 6:27 | Create | Knight |
| 6:27 | Create | Knight |
| 6:28 | Create | Knight |
| 6:28 | Create | Knight |
| 6:28 | Create | Knight |
| 6:29 | Create | Knight |
| 6:29 | Create | Knight |
| 7:27 | Build | Castle |
| 7:32 | Create | Villager (Male) |
| 7:32 | Create | Villager (Male) |
| 7:33 | Create | Villager (Male) |
| 7:33 | Create | Villager (Male) |
| 7:33 | Create | Villager (Male) |
| 7:33 | Create | Villager (Male) |
| 7:34 | Create | Villager (Male) |
| 7:34 | Create | Villager (Male) |
| 7:52 | Build | Town Center |
| 7:54 | Build | Town Center |
| 8:27 | Build | Stone Wall |
| 8:34 | Build | Gate |
| 8:39 | Create | Villager (Male) |
| 8:40 | Create | Villager (Male) |
| 8:40 | Create | Villager (Male) |
| 8:40 | Create | Villager (Male) |
| 8:40 | Create | Villager (Male) |
Match timeline
| 0:13 | Ascites · first_building Dock |
| 0:13 | shashank1698 · first_building Dock |
| 0:30 | Ascites · first_building Barracks |
| 0:31 | 562057570 · first_building Barracks |
| 0:45 | shashank1698 · wall_segment Palisade Wall x23 |
| 0:55 | shashank1698 · age_up feudal |
| 1:15 | yedirenkboya · age_up feudal |
| 1:27 | shashank1698 · wall_segment Stone Wall x13 |
| 1:44 | GakKin · age_up feudal |
| 1:46 | Колдун · age_up feudal |
| 2:04 | shashank1698 · age_up castle |
| 2:23 | yedirenkboya · age_up castle |
| 2:29 | mit-hat · first_building Barracks |
| 2:50 | mit-hat · age_up feudal |
| 3:01 | 562057570 · age_up feudal |
| 3:11 | Ascites · age_up feudal |
| 3:40 | Ascites · first_building Archery Range |
| 3:42 | Ascites · first_building Stable |
| 3:45 | mit-hat · first_building Stable |
| 3:50 | GakKin · age_up castle |
| 3:53 | GakKin · first_building Monastery |
| 4:01 | Колдун · wall_segment Stone Wall x7 |
| 4:09 | yedirenkboya · age_up imperial |
| 4:23 | Колдун · age_up castle |
| 4:35 | shashank1698 · age_up imperial |
| 4:40 | mit-hat · age_up castle |
| 4:43 | 562057570 · first_building Stable |
| 4:49 | mit-hat · first_building Monastery |
| 5:01 | 562057570 · age_up castle |
| 5:20 | Колдун · first_building Castle |
| 5:32 | Колдун · first_building Monastery |
| 5:44 | GakKin · age_up imperial |
| 6:02 | Ascites · age_up castle |
| 7:23 | yedirenkboya · first_building Castle |
| 7:27 | 562057570 · first_building Castle |
| 7:44 | Ascites · first_building Castle |
| 8:12 | mit-hat · first_building Castle |
| 8:25 | MACEDONAS · first_building Barracks |
| 8:27 | 562057570 · wall_segment Stone Wall x11 |
| 8:45 | Колдун · wall_segment Stone Wall x6 |
| 8:58 | mit-hat · age_up imperial |
| 9:21 | yedirenkboya · first_building Siege Workshop |
| 9:38 | Ascites · wall_segment Stone Wall x10 |
| 10:11 | MACEDONAS · age_up feudal |
| 10:39 | 562057570 · wall_segment Stone Wall x14 |
| 10:40 | shashank1698 · first_building Barracks |
| 10:43 | 562057570 · wall_segment Stone Wall x12 |
| 10:46 | 562057570 · wall_segment Stone Wall x6 |
| 10:49 | shashank1698 · first_building Stable |
| 10:52 | shashank1698 · first_building Castle |
| 11:09 | yedirenkboya · wall_segment Stone Wall x13 |
| 12:06 | shashank1698 · first_building Siege Workshop |
| 12:15 | Колдун · age_up imperial |
| 12:25 | Ascites · first_building Siege Workshop |
| 12:36 | 562057570 · wall_segment Stone Wall x14 |
| 12:47 | Ascites · age_up imperial |
| 13:12 | shashank1698 · wall_segment Stone Wall x1 |
| 13:15 | shashank1698 · wall_segment Stone Wall x2 |
| 13:30 | Колдун · wall_segment Stone Wall x3 |
| 13:36 | Колдун · wall_segment Stone Wall x8 |
| 13:38 | Колдун · wall_segment Stone Wall x2 |
| 13:41 | 562057570 · age_up imperial |
| 13:47 | MACEDONAS · age_up castle |
| 13:49 | 562057570 · first_building Siege Workshop |
| 14:07 | yedirenkboya · first_building Stable |
| 15:13 | yedirenkboya · first_building Archery Range |
| 15:15 | MACEDONAS · first_building Monastery |
| 15:45 | Ascites · first_building Monastery |
| 16:16 | Колдун · first_building Barracks |
| 16:36 | mit-hat · first_building Siege Workshop |
| 17:38 | Колдун · first_building Stable |
| 17:40 | MACEDONAS · age_up imperial |
| 18:43 | MACEDONAS · first_building Castle |
| 19:35 | mit-hat · resign |
| 20:01 | yedirenkboya · wall_segment Stone Wall x16 |
| 20:06 | yedirenkboya · wall_segment Stone Wall x9 |
| 20:16 | Колдун · first_building Siege Workshop |
| 21:02 | shashank1698 · wall_segment Stone Wall x1 |
| 21:06 | shashank1698 · wall_segment Stone Wall x1 |
| 25:55 | shashank1698 · wall_segment Stone Wall x21 |
[ AI ANALYSIS · 1 CREDIT ]
What really happened in this match?
Wolo.gg analyzes every decision: build order, eco, micro, common mistakes by bracket. Personalized analysis on WhatsApp or Discord in 30 seconds.
Civ guide
Persians
Perfil
Jugador #633178